 Dungeon Crawl Stone Soup version 0.23.2-1-ga50397a (webtiles) character file.

Game seed: 7490057228612192836

794 Reg1 the Caller (level 7, -6/55 HPs)
             Began as a Merfolk Summoner on May 21, 2019.
             Was an Initiate of Makhleb.
             Mangled by a gnoll sergeant
             ... wielding a +4 trident of venom
              (17 damage)
             ... on level 5 of the Dungeon.
             The game lasted 00:41:32 (6066 turns).

Reg1 the Caller (Merfolk Summoner)                  Turns: 6066, Time: 00:41:32

Health: -6/55      AC:  4    Str: 11      XL:     7   Next: 89%
Magic:  5/13       EV: 19    Int: 14      God:    Makhleb [......]
Gold:   199        SH:  0    Dex: 13 (14) Spells: 9/14 levels left

rFire    . . .     SeeInvis .   p - +0 spear
rCold    . . .     Gourm    .   (no shield)
rNeg     . . .     Faith    .   s - +0 animal skin
rPois    .         Spirit   .   (no helmet)
rElec    .         Reflect  .   g - +1 cloak
rCorr    .         Harm     .   (no gloves)
MR       .....                  (no boots)
Stlth    ++........             (no amulet)
HPRegen  0.18/turn              t - ring of attention (curse)
MPRegen  0.13/turn              x - +4 ring of evasion

@: lethally poisoned (-6 -> -16)
A: change form in water, swift swim, stealthy swim
a: Renounce Religion


You were on level 5 of the Dungeon.
You worshipped Makhleb.
Makhleb was noncommittal.
You were hungry.

You visited 2 branches of the dungeon, and saw 6 of its levels.

You collected 199 gold pieces.

Inventory:

Hand Weapons
 e - a +2 quarterstaff of chaos
 j - a +0 whip
 p - a +0 spear (weapon)
 z - a +0 trident
Armour
 a - a +1 robe
 g - a +1 cloak (worn)
 s - a +0 animal skin (worn)
Jewellery
 l - an uncursed ring of fire
 t - a cursed ring of attention (left hand)
 x - a +4 ring of evasion (right hand)
Wands
 n - a wand of flame (24)
Scrolls
 d - a scroll of amnesia
 o - 3 scrolls of identify
 r - 5 scrolls of teleportation
 w - a scroll of fog
 y - a scroll of vulnerability {unknown}
 A - a scroll of magic mapping
 B - a scroll of enchant weapon {unknown}
 C - a scroll of random uselessness {unknown}
Potions
 b - a potion of cancellation
 f - a potion of agility
 h - a potion of curing
 i - a potion of might {unknown}
 k - 2 potions of berserk rage {unknown}
 m - a potion of degeneration {unknown}
 q - 2 potions of brilliance
 u - 2 potions of lignification {unknown}
 v - a potion of flight {unknown}
Comestibles
 c - 7 rations


   Skills:
 * Level 4.4 Fighting
 - Level 2.7(2.9) Maces & Flails
 * Level 2.2(2.6) Polearms
 + Level 1.1(2.2) Staves
 + Level 3.1 Throwing
 + Level 2.3 Armour
 + Level 5.8 Dodging
 + Level 4.9 Stealth
 + Level 3.9 Unarmed Combat
 + Level 4.4 Spellcasting
 * Level 6.4 Summonings


You had 9 spell levels left.
You knew the following spells:

 Your Spells              Type           Power        Failure   Level  Hunger
a - Call Canine Familiar  Summ           ###.....     4%          3    ###....
b - Call Imp              Summ           ###.....     1%          2    ##.....

Your spell library contained the following spells:

 Spells                   Type           Power        Failure   Level  Hunger
 Summon Small Mammal      Summ           ###.         1%          1    None
 Summon Guardian Golem    Hex/Summ       ##......     16%         3    ###....
 Summon Ice Beast         Ice/Summ       ##......     45%         4    ####...
 Summon Lightning Spire   Summ/Air       ##......     45%         4    ####...


Dungeon Overview and Level Annotations

Branches:
Dungeon (5/15)             Temple (1/1) D:4

Altars:
Ashenzari
Cheibriados
Elyvilon
Gozag
Hepliaklqana
Kikubaaqudgha
Makhleb
Nemelex Xobeh
Okawaru
Ru
Sif Muna
Trog
Uskayaw
Vehumet
Wu Jian
Xom
Yredelemnul

Shops:
D:4 ?

Annotations:
D:5 1 transporter, shadizar's ghost, amateur GrFi


Message History

Attack whom?
Press: ? - help, Dir - move target cursor, f/p - gnoll sergeant
Aim: a gnoll sergeant, wielding a +4 trident of venom, wearing a +1 scale mail and wearing a +0 shield You reach to attack!
You hit the gnoll sergeant but do no damage.
* * * LOW HITPOINT WARNING * * *
You feel sick.
Your hound disappears in a puff of smoke!
Your crimson imp hits the gnoll sergeant but does no damage.
The gnoll sergeant hits you but does no damage.
The gnoll sergeant misses you.
Casting: Call Imp (safe; 1% risk of failure)
Confirm with . or Enter, or press ? or * to list all spells.
* * * LOW HITPOINT WARNING * * *
You feel sick.
Your crimson imp hits the gnoll sergeant but does no damage.
The gnoll sergeant misses you.
Your crimson imp hits the gnoll sergeant but does no damage.
The gnoll sergeant hits you from afar with a +4 trident of venom!
You die...

≈≈≈≈≈≈≈≈≈≈≈...≈≈≈≈≈≈≈≈≈≈≈.#......
≈≈≈≈≈≈≈≈≈≈≈...≈≈≈≈≈≈≈≈≈≈≈.#.##...
≈≈#####...........#####≈≈.#.##...
≈≈#.#g#.###.§.###.#.#.#≈≈...##...
≈≈#...###.#####g###...#≈≈..÷##...
≈≈###.g.g......gg..[###≈≈.#..'...
≈≈.8#.######'###g##.#8.≈≈.####...
≈≈.##g#...#8.W#§55#.##.≈≈..# #...
≈≈.#.g'..:#⌠©gg.@5'..#.≈≈..# ...
≈≈.##.#..=#8..#PhP#.##.≈≈..# ...
≈≈.8# # ##'###'##.#8.≈≈..######
≈≈### .........(###≈≈......
≈≈#g..###©#####.###...#≈≈......
≈≈#=#.#.###.©.###.#.#.#≈≈......
≈≈#####...........#####≈≈......
≈≈≈≈≈≈≈≈≈≈≈≈≈≈≈≈≈≈≈≈≈≈≈≈≈......
≈≈≈≈≈≈≈≈≈≈≈≈≈≈≈≈≈≈≈≈≈≈≈≈≈......


You could see 3 gnoll sergeants, a gnoll shaman, shadizar's ghost, 2 gnolls, a
friendly hound and 3 friendly crimson imps.

Vanquished Creatures
  An ogre (D:4)
  A scorpion (D:5)
  3 bullfrog zombies (D:5)
  A hound (D:4)
  A bullfrog skeleton (D:5)
  Natasha (twice) (D:3)
  2 worker ants (D:4)
  An adder (D:4)
  A shadow imp (D:5)
  An ooze (D:3)
  An adder skeleton (D:5)
  4 worms
  A dart slug (D:1)
  2 leopard geckos
  4 orcs
  A giant cockroach (D:1)
  7 goblins
  A hobgoblin (D:1)
  5 jackals
  2 kobolds
  A quokka (D:4)
  4 bats
  3 frilled lizards
  A leopard gecko skeleton (D:5)
  A quokka skeleton (D:5)
  8 rats
60 creatures vanquished.

Vanquished Creatures (collateral kills)
  Grinder (D:3)
  A scorpion (D:4)
  A quasit (D:5)
  3 orc wizards (D:5)
  Crazy Yiuf (D:2)
  Natasha (D:3)
  2 worker ants
  4 adders
  4 gnolls
  An ooze (D:1)
  A worm (D:3)
  2 leopard geckos (D:1)
  5 orcs (D:5)
  A ball python (D:3)
  2 goblins
  A hobgoblin (D:2)
  A kobold (D:2)
  2 quokkas
  4 bats
  2 frilled lizards (D:1)
  3 rats
  A plant (D:5)
44 creatures vanquished.

Vanquished Creatures (others)
  3 plants (D:5)
3 creatures vanquished.

Grand Total: 107 creatures vanquished

Notes
Turn   | Place    | Note
-------+----------+-------------------------------------------
     0 | D:1      | Reg1 the Merfolk Summoner began the quest for the Orb.
     0 | D:1      | Reached XP level 1. HP: 13/13 MP: 3/3
   428 | D:1      | Reached XP level 2. HP: 14/19 MP: 3/5
   432 | D:1      | Learned a level 2 spell: Call Imp
   575 | D:1      | Reached skill level 1 in Unarmed Combat
   928 | D:2      | Reached XP level 3. HP: 7/24 MP: 1/6
  1236 | D:2      | Reached skill level 5 in Dodging
  1236 | D:2      | Reached skill level 5 in Summonings
  1236 | D:2      | Reached XP level 4. HP: 5/35 MP: 2/9
  1638 | D:2      | Found a runed translucent door.
  1639 | D:2      | Noticed Crazy Yiuf
  1659 | D:2      | Killed Crazy Yiuf
  1879 | D:2      | Found an iron altar of Okawaru.
  2008 | D:2      | Found a deep blue altar of Sif Muna.
  2061 | D:2      | Reached XP level 5. HP: 39/41 MP: 5/10
  2246 | D:2      | Learned a level 3 spell: Call Canine Familiar
  2347 | D:3      | Noticed Natasha
  2358 | D:3      | Killed Natasha
  2466 | D:3      | Noticed Natasha
  2476 | D:3      | Killed Natasha
  2616 | D:3      | Noticed Natasha
  2624 | D:3      | Killed Natasha
  3034 | D:3      | Found an opulent altar of Gozag.
  3092 | D:3      | Noticed Grinder
  3117 | D:3      | Killed Grinder
  3117 | D:3      | Reached XP level 6. HP: 48/48 MP: 1/12
  3296 | D:4      | Found a radiant altar of Vehumet.
  3326 | D:4      | Found a staircase to the Ecumenical Temple.
  3385 | D:4      | Reached skill level 1 in Staves
  3385 | D:4      | Reached skill level 6 in Summonings
  3429 | Temple   | Entered the Ecumenical Temple
  3602 | Temple   | Became a worshipper of Makhleb the Destroyer
  3660 | D:4      | Found a bloodstained altar of Trog.
  3790 | D:4      | Reached XP level 7. HP: 13/54 MP: 1/13
  4036 | D:4      | Found Heimev's Magic Scroll Shoppe.
  5030 | D:5      | Entered Level 5 of the Dungeon
  5215 | D:5      | Reached skill level 1 in Polearms
  5800 | D:5      | Found a transporter.
  6006 | D:5      | Noticed shadizar's ghost (amateur GrFi)
  6023 | D:5      | Found a transporter.
  6066 | D:5      | Mangled by a gnoll sergeant

Skill      XL: |  1  2  3  4  5  6  7 |
---------------+----------------------+-----
Unarmed Combat | 1 3 |  3.9
Dodging        | 3 5 |  5.8
Fighting       | 3 4 |  4.4
Maces & Flails | 2 |  2.7
Throwing       | 3 |  3.1
Armour         | 2 |  2.3
Stealth        | 4 |  4.9
Spellcasting   | 3 4 |  4.4
Summonings     | 5 6 |  6.4
Staves         | 1 |  1.1
Polearms       | 2 |  2.2

Action                   |  1- 3 |  4- 6 |  7- 9 || total
-------------------------+-------+-------+-------++-------
Melee: Unarmed           |    52 |       |       ||    52
       Whip              |    34 |    18 |       ||    52
       Punch             |     1 |       |     3 ||     4
       Quarterstaff      |       |    64 |       ||    64
       Spear             |       |    38 |   174 ||   212
       Trident           |       |       |     3 ||     3
 Cast: Summon Small Mamm |     7 |       |       ||     7
       Call Imp          |    11 |    18 |     7 ||    36
       Call Canine Famil |       |    10 |     9 ||    19
  Use: Potion            |     2 |     4 |     1 ||     7
       Scroll            |       |    11 |       ||    11
 Stab: Sleeping          |     1 |     2 |       ||     3
       Distracted        |       |     3 |     2 ||     5
       Confused          |       |     2 |       ||     2
  Eat: Chunk             |     2 |     6 |     5 ||    13
       Ration            |       |     1 |     1 ||     2
Armor: Robe              |    32 |    22 |       ||    54
       Animal skin       |       |     2 |    24 ||    26
Dodge: Dodged            |   100 |   102 |   176 ||   378
